 Dungeon Crawl Stone Soup version 0.27.1-4-g1640c2035a (webtiles) character file.

Game seed: 6009334642717892579

387 bellerephron the Chopper (level 6, -2/48 HPs)
             Began as a Demonspawn Fighter on Nov 7, 2021.
             Was a Priest of Makhleb.
             Slain by a killer bee (3 damage)
             ... on level 3 of the Dungeon.
             The game lasted 00:06:20 (2491 turns).

bellerephron the Chopper (Demonspawn Fighter)       Turns: 2491, Time: 00:06:21

Health: -2/48      AC: 11    Str: 25    XL:     6   Next: 49%
Magic:  8/8        EV:  6    Int:  9    God:    Makhleb [***...]
Gold:   53         SH: 17    Dex: 12    Spells: 5/5 levels left

rFire    . . .     SeeInvis .   a - +0 war axe
rCold    . . .     Faith    .   c - +1 kite shield
rNeg     . . .     Spirit   .   m - +0 chain mail
rPois    .         Reflect  .   (helmet restricted)
rElec    .         Harm     .   (no cloak)
rCorr    .         Rampage  .   (no gloves)
Will     +....                  h - +1 pair of boots
Stlth    ..........             (no amulet)
HPRegen  0.16/turn              n - +6 ring of strength
MPRegen  0.11/turn              p - ring of willpower

@: lethally poisoned (-2 -> -4)
A: antennae 2, large bone plates 2
a: Renounce Religion, Minor Destruction, Lesser Servant of Makhleb


You were on level 3 of the Dungeon.
You worshipped Makhleb.
Makhleb was most pleased with you.
You visited 1 branch of the dungeon, and saw 4 of its levels.

You collected 53 gold pieces.

Inventory:

Hand Weapons
 a - a +0 war axe (weapon)
Missiles
 i - 149 stones (quivered)
 o - 19 poisoned darts
Armour
 b - a +0 scale mail
 c - a +1 kite shield (worn)
 h - a +1 pair of boots (worn)
 m - a +0 chain mail (worn)
Jewellery
 n - a +6 ring of strength (left hand)
 p - a ring of willpower (right hand)
 q - a ring of wizardry
Scrolls
 f - a scroll of teleportation
 g - a scroll of enchant weapon
 k - 2 scrolls of amnesia
Potions
 l - 3 potions of brilliance


   Skills:
 + Level 3.8 Fighting
 * Level 4.8 Axes
 + Level 2.9 Armour
 + Level 0.3 Dodging
 + Level 3.5 Shields
 * Level 2.9 Invocations


You had 5 spell levels left.
You didn't know any spells.
Your spell library contained the following spells:

 Spells                   Type           Power      Damage    Failure   Level
 Corona                   Hex            0%         N/A       100%        1
 Ensorcelled Hibernation  Hex/Ice        0%         N/A       100%        2
 Sublimation of Blood     Necr           0%         N/A       100%        2
 Tukima's Dance           Hex            0%         N/A       100%        3
 Petrify                  Tmut/Erth      0%         N/A       100%        4
 Irradiate                Conj/Tmut      0%         3d13      100%        5


Dungeon Overview and Level Annotations

Branches:
Dungeon (4/15)
 Temple: D:4-7

Altars:
Makhleb


Innate Abilities, Weirdness & Mutations

You have a pair of antennae on your head.
You are mostly covered in large bone plates. (SH +6)


Message History

The killer bee stings you.
* * * LOW HITPOINT WARNING * * *
The killer bee stings you but does no damage. x2
The killer bee barely misses you.
Unknown command.
Okay, then.
Blink to where?
Press: ? - help, Dir - move target
As you read the scroll of blinking, it crumbles to dust.
* * * LOW HITPOINT WARNING * * *
You feel very sick.
You feel better.
The killer bee stings you but does no damage.
The killer bee stings you. You block the killer bee's attack.
There is a stone staircase leading up here.
You block the killer bee's attack. x3; The killer bee stings you.
You are poisoned.
The killer bee poisons you!
The killer bee stings you but does no damage.
You climb upwards.
You feel very sick.
There is a stone staircase leading down here.
You feel sick. You block the killer bee's attack. The killer bee stings you.
* * * LOW HITPOINT WARNING * * *
The killer bee stings you.
* * * LOW HITPOINT WARNING * * *
* * * LOW HITPOINT WARNING * * *
You feel sick. The killer bee completely misses you.
* * * LOW HITPOINT WARNING * * *
You feel sick.
The killer bee stings you but does no damage.
You hit the killer bee but do no damage.
The killer bee is moderately wounded.
You barely miss the killer bee.
* * * LOW HITPOINT WARNING * * *
You feel sick. The killer bee stings you.
* * * LOW HITPOINT WARNING * * *
The killer bee stings you but does no damage.
You block the killer bee's attack. x2; The killer bee stings you.
You die...

##.....#.## #..#
#######.####..#
#.##
####........###.##
###.#
##....######...#.#
###...# ...####
###...####...###
####
##...>.##...### #
##..###.##.### #
#..## #yy#.# ###
#.## #@y..# #..
##.# #..### #.#
##..# ##..###
###.# ##..##
#.....#######
#...# #######..##
#.###.......#
#.### ........##
#.# #######.###.#
.......## ##.#
#..#..# .<[...##
#..# ##.#.##
รทรท....# ####.##
####...###


You could see 3 killer bees.

Vanquished Creatures
  Sigmund (D:2)
  A howler monkey (D:4)
  A hound (D:4)
  Robin (D:2)
  4 gnolls
  3 adders
  A shadow imp (D:4)
  A worm (D:2)
  3 dart slugs
  3 orcs
  5 ball pythons
  3 bats
  5 endoplasms
  3 giant cockroaches
  12 goblins
  10 hobgoblins
  7 jackals
  A quokka (D:1)
  3 frilled lizards
  5 kobolds
  4 rats
77 creatures vanquished.

Notes
Turn   | Place    | Note
-------+----------+-------------------------------------------
     0 | D:1      | bellerephron the Demonspawn Fighter began the quest for the
                  | Orb.
     0 | D:1      | Reached XP level 1. HP: 18/18 MP: 1/1
    71 | D:1      | Found a faded altar of an unknown god.
    77 | D:1      | Became a worshipper of Makhleb the Destroyer
    77 | D:1      | Reached * piety under Makhleb
   129 | D:1      | Reached skill level 2 in Axes
   198 | D:1      | Gained mutation: You are partially covered in large bone
                  | plates. (SH +4) [demonic ancestry]
   198 | D:1      | Reached XP level 2. HP: 16/24 MP: 2/2
   306 | D:1      | Reached skill level 1 in Invocations
   836 | D:2      | Noticed Robin
   850 | D:1      | Gained mutation: You are mostly covered in large bone
                  | plates. (SH +6) [demonic ancestry]
   850 | D:1      | Reached XP level 3. HP: 28/29 MP: 3/3
   864 | D:2      | Killed Robin
   865 | D:2      | Reached skill level 3 in Axes
  1033 | D:2      | Reached ** piety under Makhleb
  1248 | D:2      | Gained mutation: You have a pair of small antennae on your
                  | head. [demonic ancestry]
  1248 | D:2      | Reached XP level 4. HP: 35/35 MP: 5/5
  1645 | D:2      | Noticed Sigmund
  1740 | D:2      | Killed Sigmund
  1741 | D:2      | Reached skill level 4 in Axes
  1741 | D:2      | Reached XP level 5. HP: 36/41 MP: 5/7
  1999 | D:3      | Gained mutation: You have a pair of antennae on your head.
                  | [demonic ancestry]
  1999 | D:3      | Reached XP level 6. HP: 40/47 MP: 8/8
  2472 | D:4      | Reached *** piety under Makhleb
  2491 | D:3      | HP: 1/48 [killer bee (2)]
  2491 | D:3      | Slain by a killer bee

Illustrated notes

Levels and vault maps discovered:
D:1:      lightli_arrival_farm, layout_basic,
          dreamdust_ecumenical_altar_angels_and_demons, minivault_23,
          minmay_ruptured
D:2:      layout_loops_ring, kennysheep_generic_room_3, uniq_robin, uniq_sigmund
D:3:      layout_rooms, minmay_fractal_squares_gapless_5
D:4:      layout_basic, cheibrodos_sewer_entry_bend, cheibrodos_gnoll_hut,
          uniq_natasha

Skill      XL: |  1  2  3  4 |
---------------+-------------+-----
Axes           | 2 3 4 |  4.8
Invocations    | 1 2 |  2.9
Shields        | 3 |  3.5
Fighting       | |  3.8
Armour         | |  2.9
Dodging        | |  0.3

Action                   |  1- 3 |  4- 6 || total
-------------------------+-------+-------++-------
Melee: War axe           |    76 |   102 ||   178
  Use: Potion            |       |     2 ||     2
       Scroll            |       |     9 ||     9
Armor: Scale mail        |    41 |       ||    41
       Chain mail        |     2 |    77 ||    79
Dodge: Dodged            |    23 |    19 ||    42
Block: Kite shield       |    62 |   117 ||   179
